 Dungeon Sprint DCSS version 0.31-a0-1-g4198be8af4 (webtiles) character file.

Game seed: 7189970901307097127

515 sircluck the Cleaver (level 7, -7/109 HPs)
             Began as a Hill Orc Berserker on May 2, 2023.
             Was an Elder of Trog.
             Mangled by a 15-headed hydra (9 damage)
             ... in the Dungeon (Sprint IX: "|||||||||||||||||||||||||||||").
             The game lasted 00:01:06 (357 turns).

sircluck the Cleaver (Hill Orc Berserker)            Turns: 357, Time: 00:01:06

Health: -7/109     AC: 15    Str: 22    XL:     7   Next: 20%
Magic:  2/2        EV:  7    Int: 10    God:    Trog [****..]
Gold:   0          SH:  0    Dex: 10    Spells: 6/6 levels left

rFire   . . .        k - +1 broad axe (antimagic)
rCold   . . .        (no shield)
rNeg    . . .        m - +0 plate armour
rPois   .            (no helmet)
rElec   .            l - +0 cloak
rCorr   .            (no gloves)
SInv    .            (no boots)
Will    .....        (no amulet) Stlth
                     n - +3 ring of intelligence
HPRegen 0.38/turn    o - +2 ring of protection
MPRegen 0.08/turn

%: no teleportation
@: berserking, very quick
A: no striking features
a: Renounce Religion, Berserk, Trog's Hand, Brothers in Arms


You were in the Dungeon.
You worshipped Trog.
Trog was greatly pleased with you.
You visited 1 branch

Inventory:

Hand Weapons
 a - a +0 hand axe
 k - a +1 antimagic broad axe (weapon)
Armour
 b - a +0 animal skin
 l - a +0 cloak (worn)
 m - a +0 plate armour (worn)
Jewellery
 n - a +3 ring of intelligence (left hand)
 o - a +2 ring of protection (right hand)
Wands
 j - a wand of iceblast (10)
Scrolls
 h - 2 scrolls of blinking
Potions
 c - 5 potions of curing
 d - 3 potions of heal wounds
 e - a potion of haste
 f - 4 potions of magic
 g - a potion of berserk rage
 i - a potion of invisibility


   Skills:
 + Level 10.7 Fighting
 + Level 13.5 Axes
 + Level 5.2 Armour
 + Level 4.3 Dodging
 + Level 2.3 Stealth


You had 6 spell levels left.
You didn't know any spells.
Your spell library was empty.

Dungeon Overview and Level Annotations

Branches:
Dungeon (1/1)

Altars:
Cheibriados
Dithmenos
Elyvilon
Fedhas
Gozag
Hepliaklqana
Kikubaaqudgha
Makhleb
Nemelex Xobeh
Okawaru
Qazlal
Ru
Sif Muna
Trog
Uskayaw
Vehumet
Wu Jian
Xom
Yredelemnul
Zin
The Shining One
Beogh
Jiyva
Lugonu


Message History

The ten-headed hydra grows two more!
You slice the 12-headed hydra!!
The 12-headed hydra is heavily wounded.
The 12-headed hydra barely misses you. The 12-headed hydra bites you!
The 12-headed hydra bites you.
The 12-headed hydra barely misses you. x2
The 12-headed hydra bites you but does no damage.
The 12-headed hydra barely misses you. x3; The 12-headed hydra bites you!
* * * LOW HITPOINT WARNING * * *
The 12-headed hydra bites you but does no damage.
The 12-headed hydra bites you.
* * * LOW HITPOINT WARNING * * *
You lop one of the 12-headed hydra's heads off!
The 11-headed hydra grows two more!
You slash the 13-headed hydra!
The 13-headed hydra is heavily wounded.
The 13-headed hydra bites you but does no damage. x3
The 13-headed hydra bites you.
* * * LOW HITPOINT WARNING * * *
The 13-headed hydra bites you!
* * * LOW HITPOINT WARNING * * *
The 13-headed hydra bites you.
* * * LOW HITPOINT WARNING * * *
The 13-headed hydra bites you but does no damage.
The 13-headed hydra bites you.
* * * LOW HITPOINT WARNING * * *
The 13-headed hydra bites you.
* * * LOW HITPOINT WARNING * * *
The 13-headed hydra bites you.
* * * LOW HITPOINT WARNING * * *
The 13-headed hydra bites you but does no damage. x3
You slice one of the 13-headed hydra's heads off!
The 12-headed hydra grows two more!
You slice the 14-headed hydra!!
The 14-headed hydra is severely wounded.
Unknown command.
You lop one of the 14-headed hydra's heads off!
The 13-headed hydra grows two more!
You slice the 15-headed hydra!!
The 15-headed hydra is almost dead.
The 15-headed hydra bites you but does no damage.
The 15-headed hydra bites you.
* * * LOW HITPOINT WARNING * * *
The 15-headed hydra bites you!
You die...

▓.▓
▓c▓
▓u▓
▓B▓
▓c▓
▓{▓
▓D▓
▓@▓
▓.▓
▓.▓
▓.▓
▓)▓
▓)▓
▓'▓
▓.▓
▓.▓


You could see a boulder beetle, a 15-headed hydra, a purple ugly thing and 2
centaur warriors.

Vanquished Creatures
  A black bear (D)
  2 orc warriors (D)
  A wight (D)
  2 howler monkeys (D)
  A hound (D)
  An orc priest (D)
  An iguana (D)
  An adder (D)
  An ufetubus (D)
  2 bats (D)
  2 goblins (D)
  A jackal (D)
16 creatures vanquished.

Notes
Turn   | Place    | Note
-------+----------+-------------------------------------------
     0 | D        | sircluck the Hill Orc Berserker began the quest for the
                  | Orb.
     0 | D        | Reached XP level 1. HP: 19/19 MP: 1/1
     9 | D        | Reached ** piety under Trog
    14 | D        | Reached skill level 5 in Axes
    16 | D        | Reached XP level 2. HP: 28/28 MP: 2/2
    20 | D        | Noticed a black bear
    24 | D        | Killed a black bear
    25 | D        | Reached skill level 8 in Axes
    25 | D        | Reached skill level 1 in Stealth
    25 | D        | Reached XP level 3. HP: 23/39 MP: 3/3
    25 | D        | Reached XP level 4. HP: 28/47 MP: 4/4
    27 | D        | Reached *** piety under Trog
    29 | D        | Reached skill level 9 in Axes
    32 | D        | Reached XP level 5. HP: 28/53 MP: 5/5
    35 | D        | Reached skill level 10 in Axes
   150 | D        | Found a roughly hewn altar of Beogh.
   150 | D        | Found a snail-covered altar of Cheibriados.
   150 | D        | Found a shadowy altar of Dithmenos.
   150 | D        | Found a white marble altar of Elyvilon.
   150 | D        | Found a blossoming altar of Fedhas.
   150 | D        | Found an opulent altar of Gozag.
   151 | D        | Found a hazy altar of Hepliaklqana.
   152 | D        | Found a viscous altar of Jiyva.
   153 | D        | Found an ancient bone altar of Kikubaaqudgha.
   154 | D        | Found a corrupted altar of Lugonu.
   155 | D        | Found a burning altar of Makhleb.
   156 | D        | Found a sparkling altar of Nemelex Xobeh.
   157 | D        | Found an iron altar of Okawaru.
   158 | D        | Found a stormy altar of Qazlal.
   159 | D        | Found a sacrificial altar of Ru.
   160 | D        | Found a shimmering blue altar of Sif Muna.
   161 | D        | Found a bloodstained altar of Trog.
   162 | D        | Found a hide-covered altar of Uskayaw.
   163 | D        | Found a radiant altar of Vehumet.
   164 | D        | Found an ornate altar of the Wu Jian Council.
   165 | D        | Found a shimmering altar of Xom.
   166 | D        | Found a basalt altar of Yredelemnul.
   167 | D        | Found a glowing silver altar of Zin.
   168 | D        | Found a glowing golden altar of the Shining One.
   215 | D        | Noticed an orc warrior
   215 | D        | Noticed an orc warrior
   221 | D        | Killed an orc warrior
   221 | D        | Reached **** piety under Trog
   222 | D        | Reached skill level 11 in Axes
   222 | D        | Reached XP level 6. HP: 60/63 MP: 2/6
   230 | D        | Killed an orc warrior
   231 | D        | Reached skill level 10 in Fighting
   231 | D        | Reached skill level 12 in Axes
   231 | D        | Reached skill level 5 in Armour
   234 | D        | Reached skill level 13 in Axes
   235 | D        | Reached XP level 7. HP: 35/73 MP: 2/7
   348 | D        | Noticed a centaur warrior
   348 | D        | Noticed a purple ugly thing
   348 | D        | Noticed a boulder beetle
   348 | D        | Noticed a centaur warrior
   348 | D        | Noticed an eight-headed hydra
   355 | D        | HP: 3/109 [13-headed hydra (6)]
   357 | D        | Mangled by a 15-headed hydra

Illustrated notes

Levels and vault maps discovered:
D:        linesprint [early_d, line_temple, items_1, d_10, items_2, lair_1,
          lair_end, items_3, orc_1, orc_end, items_4, d_15, swamp_1, shoals_1,
          snake_1, spider_1, d_20, vaults_1, items_5, swamp_end, shoals_end,
          snake_end, spider_end, vaults_end, d_27, items_6, zot_1, zot_end,
          crypt_end, forest_end, elf_end, slime_end, tomb_end, abyss_end,
          pan_hell_end]

Skill      XL: |  1  2  3  4  5  6 |
---------------+-------------------+-----
Fighting       | 4 7 9 10 | 10.7
Axes           | 5 8 9 11 13 | 13.5
Armour         | 3 4 5 |  5.2
Dodging        | 2 3 4 |  4.3
Stealth        | 1 2 |  2.3

Action                     |  1- 3 |  4- 6 |  7- 9 || total
---------------------------+-------+-------+-------++-------
  Melee: Hand axe          |    13 |     9 |       ||    22
         Broad axe         |       |    16 |    12 ||    28
 Invoke: Berserk           |     1 |     1 |     1 ||     3
   Stab: Sleeping          |     1 |       |       ||     1
 Armour: Animal skin       |     3 |     1 |       ||     4
         Plate armour      |       |     7 |    22 ||    29
  Dodge: Dodged            |    10 |     5 |    11 ||    26

Table legend: (Time is in decaauts)
 A = Elapsed time spent in this place.
 B = Non-inter-level travel time spent in this place.
 C = Inter-level travel time spent in this place.
 D = Time resting spent in this place.
 E = Time spent auto-exploring this place.
 F = Levels seen in this place.
 G = Mean time per level.
                   A        B        C        D        E       F      G
               +--------+--------+--------+--------+--------+-----+--------+
         Total |    364 |    364 |      0 |    138 |     95 |   1 |  364.0 |
       Dungeon |    364 |    364 |      0 |    138 |     95 |   1 |  364.0 |
               +--------+--------+--------+--------+--------+-----+--------+

Top non-repeatable levels by time:
       D: 364 daAuts
